 Dungeon Crawl Stone Soup version 0.23-a0-516-g0f8c245 (webtiles) character file.

12243 theanonym the Basher (level 11, -10/92 HPs)
             Began as a Mummy Warper on Dec 5, 2018.
             Was an Elder of Yredelemnul.
             Killed by the air
             ... invoked by Gastronok
              (25 damage)
             ... on level 1 of the Lair of Beasts.
             The game lasted 00:23:36 (14416 turns).

theanonym the Basher (Mummy Warper)                Turns: 14416, Time: 00:23:37

Health: -10/92     AC: 16    Str: 18    XL:     11   Next: 59%
Magic:  13/15      EV:  3    Int: 13    God:    Yredelemnul [****..]
Gold:   882        SH: 12    Dex: 11    Spells: 15/15 levels left

rFire    . . .     SeeInvis .   a - +2 morningstar (crush)
rCold    + . .     Gourm    .   w - +0 shield
rNeg     + + +     Faith    .   s - +0 plate armour
rPois    ∞         Spirit   .   u - +1 hat
rElec    .         Reflect  +   b - +0 cloak
rCorr    .         Harm     .   h - +2 pair of gloves
MR       ++...                  m - +0 pair of boots
Stlth    ..........             i - +3 amulet of reflection
HPRegen  0.25/turn              g - ring of protection from fire
MPRegen  0.14/turn              v - ring of protection from magic

@: no status effects
A: no food or potions, fire vulnerability, cold resistance 1, negative energy
resistance 3, torment resistance, unbreathing
a: Recall Undead Slaves, Injury Mirror, Animate Dead, Drain Life, Renounce
Religion


Innate Abilities, Weirdness & Mutations

You do not eat or drink.
Your flesh is vulnerable to fire.
You are immune to poison.
Your flesh is cold resistant. (rC+)
You are immune to negative energy. (rN+++)
You are immune to unholy pain and torment.
You can survive without breathing.


   Skills:
 + Level 10.5 Fighting
 * Level 11.6 Maces & Flails
 - Level 0.7 Throwing
 - Level 0.7 Armour
 - Level 1.5 Dodging
 + Level 4.9 Shields
 - Level 2.6 Spellcasting
   Level 2.4 Translocations
 - Level 3.2 Invocations


You had 15 spell levels left.
You didn't know any spells.
Your spell library contained the following spells:

 Spells                   Type           Power        Failure   Level  Hunger
 Animate Skeleton         Necr           N/A          100%        1    N/A
 Confusing Touch          Hex            #.....       100%        1    N/A
 Pain                     Necr           #...         100%        1    N/A
 Sandblast                Erth           #.....       100%        1    N/A
 Blink                    Tloc           N/A          100%        2    N/A
 Passwall                 Tmut/Erth      #.......     100%        2    N/A
 Shroud of Golubria       Chrm/Tloc      #.........   100%        2    N/A
 Confuse                  Hex            #.......     100%        3    N/A
 Gell's Gravitas          Tloc           #.........   100%        3    N/A
 Lesser Beckoning         Tloc           #.........   100%        3    N/A
 Stone Arrow              Conj/Erth      #.....       100%        3    N/A
 Teleport Other           Tloc           #.......     100%        3    N/A
 Vampiric Draining        Necr           #.........   100%        3    N/A
 Animate Dead             Necr           N/A          100%        4    N/A
 Passage of Golubria      Tloc           N/A          100%        4    N/A
 Petrify                  Tmut/Erth      #.......     100%        4    N/A
 Irradiate                Conj/Tmut      #.........   100%        5    N/A
 Lee's Rapid Deconstruct  Erth           #.........   100%        5    N/A
 Metabolic Englaciation   Hex/Ice        #.........   100%        5    N/A
 Yara's Violent Unravell  Hex/Tmut       #.........   100%        5    N/A
 Regeneration             Chrm/Necr      Unusable     N/A         3    N/A
 Hydra Form               Tmut           Unusable     N/A         6    N/A
 Statue Form              Tmut/Erth      Unusable     N/A         6    N/A
 Dragon Form              Tmut           Unusable     N/A         7    N/A

Skill      XL: |  1  2  3  4  5  6  7  8  9 10 11 |
---------------+----------------------------------+-----
Maces & Flails | 2 3 4 5 6 8 10 11 | 11.6
Fighting       | 3 4 5 6 8 9 10 | 10.5
Shields        | 1 2 3 4 |  4.9
Invocations    | 1 3 |  3.2
Throwing       | |  0.7
Armour         | |  0.7
Dodging        | |  1.5
Spellcasting   | |  2.6
Translocations | |  2.4

Action                   |  1- 3 |  4- 6 |  7- 9 | 10-12 || total
-------------------------+-------+-------+-------+-------++-------
Melee: Mace              |   124 |   218 |       |       ||   342
       Hand axe          |       |    41 |   257 |       ||   298
       Morningstar       |       |       |    40 |   384 ||   424
Throw: Tomahawk          |     2 |       |     1 |       ||     3
Invok: Animate Remains   |       |       |    25 |       ||    25
       Animate Dead      |       |       |     9 |    30 ||    39
       Recall Undead Sla |       |       |       |     2 ||     2
Evoke: Wand              |       |       |       |     5 ||     5
  Use: Scroll            |     1 |     5 |     5 |     2 ||    13
 Stab: Distracted        |       |       |     2 |       ||     2
       Confused          |       |       |       |     2 ||     2
Armor: Leather armour    |    18 |       |       |       ||    18
       Ring mail         |     6 |       |       |       ||     6
       Chain mail        |    16 |   167 |   114 |    91 ||   388
       Plate armour      |       |       |       |    89 ||    89
Dodge: Dodged            |    78 |    78 |    86 |    55 ||   297
Block: Other             |    10 |     1 |       |       ||    11
       Buckler           |       |    71 |   105 |    62 ||   238
       Reflection        |       |     3 |     3 |    11 ||    17
       Shield            |       |       |       |   125 ||   125

Inventory:

Hand Weapons
 a - a +2 morningstar of crushing (weapon)
   (You took it off an orc on level 7 of the Dungeon)
Missiles
 c - 22 tomahawks (quivered)
 x - 3 silver tomahawks
Armour
 b - a +0 cloak (worn)
   (You took it off Maurice on level 8 of the Dungeon)
 h - a +2 pair of gloves (worn)
   (You found it on level 1 of the Dungeon)
 k - a +0 buckler
   (You found it on level 2 of the Dungeon)
 l - a +0 chain mail
   (You found it on level 2 of the Dungeon)
 m - a +0 pair of boots (worn)
   (You bought it in a shop on level 5 of the Dungeon)
 s - a +0 plate armour (worn)
   (You took it off an orc warrior on level 10 of the Dungeon)
 u - a +1 hat (worn)
   (You bought it in a shop on level 5 of the Dungeon)
 w - a +0 shield (worn)
   (You found it on level 10 of the Dungeon)
Magical Staves
 z - an uncursed staff of power {unknown}
   (You found it on level 1 of the Lair of Beasts)
Jewellery
 g - a ring of protection from fire (left hand)
   (You found it on level 9 of the Dungeon)
 i - a +3 amulet of reflection (around neck)
   (You found it on level 1 of the Dungeon)
 o - an uncursed ring of magical power
   (You found it on level 3 of the Dungeon)
 q - an uncursed ring of protection from cold
   (You took it off a gnoll on level 6 of the Dungeon)
 v - a ring of protection from magic (right hand)
   (You found it on level 10 of the Dungeon)
Wands
 e - a wand of disintegration (9)
   (You found it on level 9 of the Dungeon)
 j - a wand of scattershot (4)
   (You found it on level 9 of the Dungeon)
Scrolls
 d - 2 scrolls of amnesia
 f - 2 scrolls of fog
 n - 2 scrolls of remove curse
 p - 3 scrolls of fear
 r - 8 scrolls of identify
 t - 7 scrolls of teleportation {!r}
 y - a scroll of magic mapping
 B - a scroll of blinking


You were on level 1 of the Lair of Beasts.
You worshipped Yredelemnul.
Yredelemnul was greatly pleased with you.
You were not hungry.

You visited 3 branches of the dungeon, and saw 12 of its levels.

You collected 1166 gold pieces.
You spent 284 gold pieces at shops.

Dungeon Overview and Level Annotations

Branches:
Dungeon (10/15)            Temple (0/1) D:4            Lair (1/6) D:9
    Orc (1/2) D:10

Altars:
Ashenzari
Cheibriados
Hepliaklqana
Makhleb
Nemelex Xobeh
Okawaru
Qazlal
Wu Jian
Xom
Yredelemnul
Beogh

Shops:
D:5 *   D:7 :   Orc:1 *

Annotations:
Lair:1 Gastronok

#.##P.#(#
#.....#.#
#.#...#.#
#.#.....#
###..#..##
##.....###
#.......#
#.......#
#.@.....#
#..r....+
#..zzZ..#
#..zw....#
#.......##
#.......#
###.#.#P#
#######


You could see Gastronok, a quokka, 3 friendly flying skulls and a friendly
hippogriff zombie.

Notes
Turn   | Place    | Note
-------+----------+-------------------------------------------
     0 | D:1      | theanonym the Mummy Warper began the quest for the Orb.
     0 | D:1      | Reached XP level 1. HP: 16/16 MP: 4/4
    91 | D:1      | HP: 6/16 [kobold (4)]
    93 | D:1      | Reached skill level 2 in Maces & Flails
    96 | D:1      | Reached XP level 2. HP: 8/22 MP: 5/5
    97 | D:1      | HP: 6/22 [kobold/stone (2)]
  1034 | D:2      | HP: 11/23 [adder (2)]
  1040 | D:2      | HP: 7/23 [adder (1)]
  1042 | D:2      | HP: 3/23 [adder (2)]
  1186 | D:1      | HP: 11/23 [giant cockroach (1)]
  1364 | D:2      | Reached XP level 3. HP: 19/28 MP: 7/7
  1657 | D:2      | Reached skill level 3 in Maces & Flails
  1750 | D:2      | Reached XP level 4. HP: 29/34 MP: 8/8
  1814 | D:2      | Reached skill level 3 in Fighting
  2411 | D:2      | Noticed an ice beast
  2430 | D:2      | Killed an ice beast
  2430 | D:2      | Reached skill level 1 in Shields
  2430 | D:2      | Reached XP level 5. HP: 25/41 MP: 9/9
  2934 | D:3      | Reached skill level 4 in Maces & Flails
  3104 | D:3      | Found a basalt altar of Yredelemnul.
  3232 | D:3      | Found an ornate altar of the Wu Jian Council.
  3241 | D:3      | Became a worshipper of Yredelemnul the Dark
  3312 | D:3      | HP: 17/42 [orc/+1 trident of venom (6)]
  3317 | D:3      | HP: 17/42 [orc/+1 trident of venom (1)]
  3339 | D:3      | HP: 12/42 [orc/+1 trident of venom (3)]
  3342 | D:2      | Reached XP level 6. HP: 14/48 MP: 10/10
  3938 | D:4      | Found a staircase to the Ecumenical Temple.
  3957 | D:4      | Got a steaming hand axe
  3985 | D:4      | Got a slimy rapier
  3989 | D:4      | Identified the +7 hand axe of the Tiger {chop, +Fly Str+6
                  | Dex-2 Stlth-} (You found it on level 4 of the Dungeon)
  4029 | D:4      | Reached skill level 4 in Fighting
  4065 | D:4      | Reached skill level 2 in Shields
  4070 | D:4      | Reached * piety under Yredelemnul
  4149 | D:4      | Found a sparkling altar of Nemelex Xobeh.
  4221 | D:4      | Reached XP level 7. HP: 42/54 MP: 11/11
  4367 | D:4      | Reached skill level 5 in Maces & Flails
  4462 | D:5      | Entered Level 5 of the Dungeon
  4503 | D:5      | Found Xeurak's General Store.
  4511 | D:5      | Bought a +0 pair of boots for 49 gold pieces
  4511 | D:5      | Bought a +1 hat for 121 gold pieces
  4685 | D:5      | Reached skill level 3 in Shields
  4702 | D:5      | Reached skill level 5 in Fighting
  4723 | D:5      | Found a hazy altar of Hepliaklqana.
  4730 | D:5      | HP: 16/56 [ogre/+0 giant club (17)]
  4731 | D:5      | Reached skill level 1 in Invocations
  5032 | D:5      | Identified the +6 rapier of Huarph Yfeju {pierce, rF+} (You
                  | found it on level 4 of the Dungeon)
  5100 | D:5      | Found a shattered altar of Ashenzari.
  5192 | D:5      | Reached XP level 8. HP: 57/63 MP: 12/12
  5213 | D:5      | Found an iron altar of Okawaru.
  5275 | D:5      | Reached skill level 2 in Invocations
  5589 | D:6      | Noticed Prince Ribbit
  5702 | D:5      | Found a shattered altar of Ashenzari.
  5753 | D:5      | Found a hazy altar of Hepliaklqana.
  5824 | D:5      | Found Xeurak's General Store.
  5849 | D:5      | HP: 31/64 [Prince Ribbit (14)]
  5882 | D:5      | Found an iron altar of Okawaru.
  6267 | D:5      | Killed Prince Ribbit
  6394 | D:6      | Reached ** piety under Yredelemnul
  6407 | D:6      | Reached skill level 4 in Shields
  6440 | D:6      | Reached skill level 6 in Fighting
  6485 | D:6      | Noticed Eustachio
  6495 | D:6      | Killed Eustachio
  6495 | D:6      | Reached skill level 6 in Maces & Flails
  6495 | D:6      | Reached skill level 3 in Invocations
  6982 | D:7      | Reached XP level 9. HP: 67/71 MP: 13/13
  7019 | D:7      | Reached skill level 7 in Maces & Flails
  7158 | D:7      | Reached skill level 7 in Fighting
  7208 | D:7      | Found Qehomuo's Book Emporium.
  7247 | D:7      | Reached *** piety under Yredelemnul
  7648 | D:7      | Received a gift from Yredelemnul (a wight)
  7720 | D:7      | Reached skill level 8 in Maces & Flails
  8255 | D:8      | Noticed a two-headed ogre
  8258 | D:8      | Killed a two-headed ogre
  8258 | D:8      | Reached skill level 8 in Fighting
  8478 | D:8      | Noticed Maurice
  8479 | D:8      | Reached XP level 10. HP: 76/80 MP: 14/14
  8603 | D:8      | Killed Maurice
  8603 | D:8      | Reached skill level 9 in Maces & Flails
  8856 | D:8      | Noticed Erica
  8869 | D:8      | HP: 39/82 [something (6)]
  8870 | D:8      | Killed Erica
  9264 | D:8      | Found a snail-covered altar of Cheibriados.
  9545 | D:8      | HP: 41/82 [something (5)]
  9759 | D:8      | Your ally Erica died
  9764 | D:8      | HP: 40/82 [something (5)]
  9776 | D:8      | HP: 40/82 [something (3)]
  9784 | D:8      | HP: 37/82 [something (2)]
 10209 | D:9      | Noticed a death yak
 10209 | D:9      | Noticed a death yak
 10233 | D:8      | Killed a death yak
 10233 | D:8      | Reached skill level 9 in Fighting
 10398 | D:8      | HP: 35/83 [death yak (16)]
 10400 | D:8      | HP: 17/83 [death yak (19)]
 10402 | D:8      | Killed a death yak
 10402 | D:8      | Reached skill level 10 in Maces & Flails
 10793 | D:9      | Found a staircase to the Lair.
 10793 | D:9      | Noticed a death yak
 10808 | D:9      | Killed a death yak
 11236 | D:10     | Entered Level 10 of the Dungeon
 11245 | D:10     | Reached XP level 11. HP: 85/90 MP: 15/15
 11341 | D:10     | HP: 42/90 [gargoyle/stone arrow (14)]
 11360 | D:10     | HP: 33/90 [gargoyle/+0 mace (3)]
 11618 | D:10     | Found a glowing silver altar of Zin.
 11620 | D:10     | Found a burning altar of Makhleb.
 11620 | D:10     | Found a stormy altar of Qazlal.
 11750 | D:10     | Found a sparkling altar of Nemelex Xobeh.
 11750 | D:10     | Found a shimmering altar of Xom.
 11750 | D:10     | Found a shimmering altar of Xom.
 11803 | D:10     | Reached **** piety under Yredelemnul
 11827 | D:10     | Found a roughly hewn altar of Beogh.
 11827 | D:10     | Found a staircase to the Orcish Mines.
 11840 | D:10     | Reached skill level 10 in Fighting
 11868 | D:10     | Noticed a catoblepas
 11876 | D:10     | HP: 28/90 [catoblepas (25)]
 11883 | D:10     | HP: 29/90 [something/blast of calcifying dust (1)]
 12293 | D:10     | Killed a catoblepas
 12293 | D:10     | Reached skill level 11 in Maces & Flails
 12512 | D:10     | HP: 42/90 [troll (9)]
 13153 | Orc:1    | Entered Level 1 of the Orcish Mines
 13370 | Orc:1    | HP: 42/91 [orc warrior/+0 trident (8)]
 13767 | Orc:1    | Received a gift from Yredelemnul (3 flying skulls)
 13897 | Orc:1    | Found Giuth's General Store.
 13903 | Orc:1    | Bought a scroll of identify for 24 gold pieces
 13903 | Orc:1    | Bought a scroll of enchant armour for 90 gold pieces
 14076 | Lair:1   | Entered Level 1 of the Lair of Beasts
 14091 | Lair:1   | Noticed Fannar
 14094 | Lair:1   | HP: 44/92 [spiny frog (14)]
 14103 | D:9      | HP: 45/92 [spiny frog (1)]
 14319 | Lair:1   | Killed Fannar
 14403 | Lair:1   | Noticed Gastronok
 14412 | Lair:1   | HP: 44/92 [Gastronok (10)]
 14414 | Lair:1   | HP: 15/92 [Gastronok (29)]
 14416 | Lair:1   | Killed from afar by Gastronok

Vanquished Creatures
  Fannar (Lair:1)
  A catoblepas (D:10)
  Erica (D:8)
  2 death yaks
  A two-headed ogre (D:8)
  A spiny frog (D:9)
  A gargoyle (D:10)
  A troll (D:10)
  Prince Ribbit (D:5)
  5 hippogriffs
  A wyvern (D:10)
  3 yaks (D:9)
  Eustachio (D:6)
  A hungry ghost (D:7)
  An ice beast (D:2)
  7 orc warriors
  A sky beast (D:10)
  A black bear (D:7)
  5 centaurs
  A necrophage (D:5)
  9 ogres
  A crocodile (D:9)
  A big kobold (D:10)
  3 bullfrogs
  3 scorpions
  2 wights (D:6)
  2 howler monkeys
  A crimson imp (D:7)
  A quasit (D:10)
  2 bullfrog zombies (D:10)
  11 orc priests
  2 jellies
  3 bullfrog skeletons
  4 hounds
  25 orc wizards
  2 iguanas
  9 worker ants
  A hound skeleton (D:7)
  A worker ant zombie (D:10)
  6 gnolls
  A howler monkey skeleton (D:5)
  14 adders
  A shadow imp (D:10)
  An ooze (D:4)
  2 adder zombies
  An adder skeleton (D:7)
  2 worms
  5 leopard geckos
  69 orcs
  3 ball pythons
  5 giant cockroaches
  15 goblins
  10 hobgoblins
  6 jackals
  7 bats
  4 frilled lizards
  11 kobolds
  2 quokka skeletons (D:5)
  9 rats
294 creatures vanquished.

Vanquished Creatures (collateral kills)
  A death yak (D:8)
  Maurice (D:8)
  A basilisk (Lair:1)
  A yak (D:9)
  A warg (D:10)
  2 orc warriors
  An eye of draining (D:9)
  A centaur (D:7)
  2 wights (D:6)
  A howler monkey (D:8)
  3 orc priests
  A centaur skeleton (D:7)
  An orc wizard (Orc:1)
  An adder (D:6)
  A leopard gecko (D:8)
  9 orcs
  4 kobolds (D:10)
  A quokka (D:5)
  4 bushes (D:5)
37 creatures vanquished.

Vanquished Creatures (others)
  A two-headed ogre zombie (D:8)
  A human skeleton (D:8)
  A hippogriff zombie (D:8)
  A wight (D:8)
  3 centaur zombies
  A centaur skeleton (D:10)
  2 ogre zombies
  A sky beast zombie (D:10)
  A gnoll zombie (D:8)
  A kobold (D:3)
  A kobold zombie (D:10)
  An orc skeleton (D:7)
  19 orc zombies
34 creatures vanquished.

Grand Total: 365 creatures vanquished

Table legend:
 A = Turns spent in this place as a percentage of turns spent in the entire game.
 B = Non-inter-level travel turns spent in this place as a percentage of non-inter-level travel turns spent in the entire game.
 C = Inter-level travel turns spent in this place as a percentage of turns spent in this place.
 D = Turns resting spent in this place as a percentage of non-inter-level travel turns spent in this place.
 E = Turns spent auto-exploring this place as a percentage of non-inter-level travel turns spent in this place.
 F = Non-inter-level travel turns spent in this place divided by the number of levels of this place that you've seen.
                   A       B       C       D       E      F
               +-------+-------+-------+-------+-------+----------------------
         Total | 100.0 | 100.0 |   5.0 |  38.4 |  44.8 | 1140.9
       Dungeon |  95.5 |  95.6 |   5.0 |  39.5 |  44.4 | 1308.4
          Lair |   1.0 |   1.1 |   0.7 |  29.0 |  32.4 | 145.0
  Orcish Mines |   3.5 |   3.4 |   7.6 |   8.9 |  60.2 | 462.0
               +-------+-------+-------+-------+-------+----------------------
